 Dungeon Crawl Stone Soup version 0.18.1-48-g4cf74bf (webtiles) character file.

525364 Alarkh the Stormcaller (level 24, -3/175 HPs)
             Began as a Mummy Skald on Aug 3, 2016.
             Was an Initiate of Gozag.
             Killed by the air
             ... invoked by a spriggan air mage
              (16 damage)
             ... on level 2 of the Depths on Aug 4, 2016.
             The game lasted 03:40:50 (64524 turns).

Alarkh the Stormcaller (Mummy Skald)               Turns: 64524, Time: 03:40:51

Health: -3/175     AC: 25    Str: 17    XL:     24   Next: 78%
Magic:  43/43      EV: 15    Int: 27    God:    Gozag
Gold:   3817       SH:  9    Dex: 11    Spells: 6 memorised, 28 levels left

rFire  + + +     SeeInvis +     a - +4 demon trident (elec)
rCold  + . .     Gourm    .     d - +5 ring mail {rF+}
rNeg   + + +     Faith    .     H - +3 buckler {rF+}
rPois  ∞         Spirit   .     O - +2 helmet {SInv}
rElec  +         Dismiss  .     G - +0 cloak of Lodej {MR+}
rCorr  .         Reflect  .     B - +3 pair of gloves of Ololuinu {Int+3}
SustAt .         Harm     .     r - +2 pair of boots of the Assassin {DetectMon Stab+ Stlth++}
MR     +++++                    k - amulet "Ciqec" {rF+ MR+ Regen+}
Stlth  +++++++...               c - ring of Kuruot {+Fly rElec rF+ rN+ Slay+2}
                                A - ring "Heshrot" {rN+ Int+3 Slay+4}

@: very slightly contaminated, hasted, deflect missiles, very quick, almost
entirely resistant to hostile enchantments, extremely stealthy
A: no food or potions, fire vulnerability, cold resistance 1, negative energy
resistance 3, torment resistance, unbreathing, in touch with death 1, restore
body
a: Self-Restoration, Potion Petition, Call Merchant, Bribe Branch, Renounce
Religion, Evoke Flight
}: 2/15 runes: barnacled, gossamer


You were on level 2 of the Depths.
You worshipped Gozag.
Gozag was noncommittal.
You were not hungry.

You visited 10 branches of the dungeon, and saw 46 of its levels.
You visited the Abyss 1 time.
You also visited: Ice Cave.

You collected 29536 gold pieces.
You spent 8720 gold pieces at shops.
You paid 16999 gold pieces to Gozag.

Inventory:

Hand Weapons
 a - a +4 demon trident of electrocution (weapon)
 b - a +4 demon trident of venom
 e - the +3 trident of Exquisite Death {antimagic, Str+2 SInv}
   (You bought it in a shop on level 1 of the Lair of Beasts)

   It disrupts the flow of magical energy around spellcasters and certain
   magical creatures (including the wielder).
   It affects your strength (+2).
   It lets you see invisible.
Missiles
 x - 11 throwing nets (quivered)
Armour
 d - a +5 ring mail of fire resistance (worn)
 m - a quicksilver dragon armour
 r - the +2 pair of boots of the Assassin (worn) {DetectMon Stab+ Stlth++}
   (You bought it in a shop on level 1 of the Lair of Beasts)

   It makes you much more stealthy.
 B - the +3 pair of gloves of Ololuinu (worn) {Int+3}
   (You found it on level 2 of the Spider Nest)

   It affects your intelligence (+3).
 G - the +0 cloak of Lodej (worn) {MR+}
   (You acquired it on level 1 of the Lair of Beasts)

   It affects your resistance to hostile enchantments.
 H - a +3 buckler of fire resistance (worn)
 K - a +0 pair of boots of flying
 O - a +2 helmet of see invisible (worn)
Magical Staves
 i - an uncursed staff of death
 u - an uncursed staff of wizardry
Jewellery
 c - the ring of Kuruot (right hand) {+Fly rElec rF+ rN+ Slay+2}
   (You bought it in a shop on level 1 of the Lair of Beasts)

   [ring of positive energy]

   It affects your accuracy and damage with ranged weapons and melee attacks
   (+2).
   It protects you from fire.
   It insulates you from electricity.
   It protects you from negative energy.
   It lets you fly.
 j - an uncursed ring of resist corrosion
 k - the amulet "Ciqec" (around neck) {rF+ MR+ Regen+}
   (You took it off a siren on level 4 of the Shoals)

   [amulet of regeneration]

   It protects you from fire.
   It affects your resistance to hostile enchantments.
   It increases your rate of regeneration.
 z - an uncursed ring of teleportation
 A - the ring "Heshrot" (left hand) {rN+ Int+3 Slay+4}
   (You found it on level 3 of the Crypt)

   [ring of positive energy]

   It affects your intelligence (+3).
   It affects your accuracy and damage with ranged weapons and melee attacks
   (+4).
   It protects you from negative energy.
 E - a +3 amulet of reflection
 F - an uncursed ring of wizardry {unknown}
 P - the ring "Suycrabi" {SustAt MP+9}
   (You found it on level 3 of the Elven Halls)

   [ring of sustain attributes]

   It sustains your strength, intelligence and dexterity.
   It affects your magic capacity (+9).
Wands
 f - a wand of iceblast (6/15)
 l - a wand of digging (14/24)
 v - a wand of digging (6/24)
 C - a wand of teleportation (6/9)
 J - a wand of disintegration (9/24)
 U - a wand of paralysis (16/24)
Scrolls
 g - 13 scrolls of recharging
 h - 19 scrolls of remove curse
 n - 6 scrolls of fear
 o - 6 scrolls of magic mapping
 p - 2 scrolls of summoning
 q - a scroll of amnesia
 t - a scroll of enchant armour
 w - 2 scrolls of torment
 D - 4 scrolls of fog
 I - 7 scrolls of teleportation
 M - 6 scrolls of identify
Miscellaneous
 s - a plain deck of defence
 y - a plain deck of summoning
 L - a phantom mirror
 N - an ornate deck of summoning {Repulsiveness, drawn: 1}


   Skills:
 - Level 11.0 Fighting
 - Level 16.0 Polearms
 - Level 10.0 Armour
 - Level 10.0 Dodging
 + Level 14.8 Stealth
 - Level 9.0 Shields
 + Level 16.2 Spellcasting
 - Level 13.0 Charms
 * Level 18.2 Air Magic
 - Level 5.0 Evocations


You had 28 spell levels left.
You knew the following spells:

 Your Spells              Type           Power        Failure   Level  Hunger
a - Spectral Weapon       Hex/Chrm       ######..     1%          3    N/A
b - Tornado               Air            #######...   98%         9    N/A
c - Infusion              Chrm           ####         0%          1    N/A
d - Deflect Missiles      Chrm/Air       #######...   1%          6    N/A
e - Shroud of Golubria    Chrm/Tloc      ######....   1%          2    N/A
f - Haste                 Chrm           #######.     2%          6    N/A

Dungeon Overview and Level Annotations

Branches:
Dungeon (15/15)            Temple (1/1) D:5            Lair (8/8) D:9
 Shoals (4/4) Lair:5       Spider (4/4) Lair:4        Slime (0/6) Lair:7
    Orc (2/2) D:11            Elf (3/3) Orc:2        Vaults (4/5) D:14
  Crypt (3/3) Vaults:2       Tomb (0/3) Crypt:3      Depths (2/5) D:15

Altars:
Ashenzari
Cheibriados
Dithmenos
Elyvilon
Fedhas
Gozag
Kikubaaqudgha
Makhleb
Nemelex Xobeh
Okawaru
Pakellas
Qazlal
Ru
Sif Muna
Trog
Vehumet
Xom
Yredelemnul
Zin
The Shining One

Shops:
D:8 =[[%   D:10 *   D:11 (%:   Orc:1 (   Orc:2 *%((   Elf:2 }[:[=   Elf:3 (
Lair:1 **[(*(*[=[?   Vaults:4 *([   Depths:2 (

Portals:
Hell: Depths:1 Depths:2

Annotations:
Shoals:4 exclusion: Roxanne, Roxanne
Elf:2 3 runed doors


Innate Abilities, Weirdness & Mutations

You do not eat or drink.
Your flesh is vulnerable to fire.
You are immune to poison.
Your flesh is cold resistant.
You are immune to negative energy.
You are immune to unholy pain and torment.
You can survive without breathing.
You are in touch with the powers of death.
You can restore your body by infusing magical energy.


Message History

The anaconda changes into an eye of devastation!
The eye of devastation changes into a moth of wrath!
A stone giant comes into view.
The stone giant shouts!
The stone giant throws a large rock.
You deflect the large rock!
The stone giant throws a large rock.
You block the large rock.
You see here a large rock.
The stone giant throws a large rock.
You block the large rock.
You see here a large rock.
The stone giant throws a large rock.
You deflect the large rock!
A spriggan air mage comes into view.
The spriggan air mage shouts!
The spriggan air mage waves its arms in wide circles.
The air twists around and strikes you!
* * * LOW HITPOINT WARNING * * *
There is an open door here.
The spriggan air mage waves its arms in wide circles.
The air twists around and strikes you!
You die...
Your body crumbles into a pile of gold.

##≈♣≈P.(..(..y..........##......
#≈≈≈P...........................
#≈≈PP.......(.......>...........
#♣≈≈≈P...............#.........>
#≈P≈........(..................
##≈♣♣###.......................
### #.......................
#.....##'#<.............
#......@........###.....
##......<..............#.
#...............#........
#..................[.....
##..)...............P..P..
#..........#..............
#.(..#......i###..P......P
#.#>.........##.[.........
#####.#......(.(.##..........(


You could see a spriggan air mage.

Vanquished Creatures
  Mara (Vaults:2)
  A juggernaut (Depths:2)
  Sojobo (Vaults:4)
  Frederick (Crypt:2)
  Saint Roka (Crypt:2)
  A profane servitor (Crypt:3)
  2 golden dragons (Depths:2)
  Jory (Crypt:2)
  Xtahua (Crypt:2)
  An iron giant (Depths:2)
  The ghost of PeterLawrence the Slayer, an adept MiFi of Okawaru (Elf:3)
  A bone dragon (Crypt:3)
  Arachne (Spider:4)
  Jorgrun (Vaults:1)
  Rupert (Lair:5)
  2 tentacled monstrosities (Depths:2)
  Asterion (Spider:4)
  4 liches
  3 titans
  2 deep elf blademasters (Elf:3)
  2 tentacled starspawn (Abyss:2)
  4 deep elf master archers (Elf:3)
  5 ancient champions
  Polyphemus (Shoals:4)
  The ghost of daning the Fencer, an adept HESk of Okawaru (Spider:3)
  A kraken (Shoals:1)
  2 storm dragons (Depths:2)
  4 tengu reavers
  2 revenants
  Ilsuiw (Shoals:4)
  6 fire giants
  10 vault wardens
  A balrug (Depths:2)
  11 deep elf sorcerers
  9 frost giants
  An iron dragon (Depths:2)
  2 orc warlords
  4 ghost moths
  Louise (Shoals:4)
  6 emperor scorpions
  18 ghouls
  3 curse skulls
  A spriggan defender (Depths:2)
  8 deep elf elementalists (Elf:3)
  15 ironheart preservers
  6 very ugly things
  4 salamander stormcallers
  6 deep elf demonologists
  4 vampire knights
  17 stone giants
  8 deep elf annihilators (Elf:3)
  6 spark wasps (Depths:2)
  4 eidola
  6 merfolk javelineers
  2 deep elf death magi
  A mummy priest (Crypt:3)
  9 merfolk impalers
  11 ettins
  Josephine (Shoals:1)
  10 yaktaur captains
  9 vault guards
  7 fire dragons
  2 quicksilver dragon zombies (Crypt:3)
  8 jiangshi
  7 entropy weavers
  10 hydras
  7 great orbs of eyes
  6 ice dragons
  A hell beast (Elf:3)
  8 deep elf high priests (Elf:3)
  4 rakshasas
  5 merfolk avatars
  13 centaur warriors
  5 death knights
  5 satyrs
  4 catoblepae
  19 death yaks
  8 merfolk aquamancers
  24 ogre magi
  3 vampire magi
  4 deep troll shamans
  3 thrashing horrors (Abyss:2)
  2 tengu warriors
  An alligator snapping turtle (Shoals:4)
  2 deep troll earth magi
  A hellephant zombie (Crypt:1)
  2 titan zombies (Crypt:3)
  2 spriggan berserkers (Depths:2)
  An orc high priest (Elf:3)
  A wretched star (Abyss:2)
  A soul eater (Crypt:1)
  6 deep elf knights
  2 iron trolls (Depths:1)
  2 sun demons (Depths:2)
  A fire crab (Vaults:2)
  A storm dragon zombie (Crypt:3)
  A salamander mystic (Vaults:3)
  A hell knight (Depths:2)
  4 shadow wraiths
  An unseen horror (shapeshifter) (D:14)
  A ghost moth zombie (Crypt:3)
  35 skeletal warriors
  8 deep trolls
  An unseen horror (D:12)
  3 starcursed masses (Abyss:2)
  3 giant orange brains
  12 sea snakes
  A shadow dragon zombie (Crypt:3)
  4 hill giants
  4 necromancers
  A lindwurm (Lair:8)
  12 deep elf archers
  19 harpies
  15 ironbrand convokers
  5 flayed ghosts
  21 phantasmal warriors
  49 deep elf magi
  An iron dragon zombie (Crypt:3)
  7 wizards
  13 griffons
  A mana viper (Abyss:2)
  11 orc knights
  14 orb spiders
  40 wolf spiders
  9 orc sorcerers
  7 manticores
  41 ugly things
  2 salamanders (Vaults:3)
  10 cyclopes
  A faun (shapeshifter) (Vaults:4)
  27 fauns
  5 hornets
  A moth of wrath (Spider:3)
  2 frost giant zombies (Crypt:3)
  A manticore (shapeshifter) (Depths:2)
  A sixfirhy (Abyss:2)
  A worldbinder (Abyss:2)
  Maurice (D:8)
  4 elephants (Lair:7)
  A guardian serpent (Depths:1)
  A frost giant skeleton (Vaults:4)
  Joseph (D:8)
  14 sirens
  A naga mage (D:15)
  An octopode (shapeshifter) (Vaults:4)
  Psyche (D:9)
  14 vault sentinels
  6 black mambas
  5 torpor snails
  An eye of devastation (Lair:7)
  2 centaur zombies
  An apocalypse crab (Abyss:2)
  2 gargoyles (D:14)
  7 water nymphs
  2 ice statues (IceCv)
  2 orange demons (Abyss:2)
  3 rime drakes
  6 komodo dragons
  17 spiny frogs
  29 yaktaurs
  2 centaur skeletons
  A yaktaur zombie (Vaults:4)
  24 demonic crawlers
  4 kobold demonologists
  An ice devil (Abyss:2)
  An efreet (D:11)
  A mottled draconian skeleton (Crypt:1)
  A hellwing (Abyss:2)
  A sea snake skeleton (Crypt:2)
  13 freezing wraiths
  A tengu conjurer (Depths:1)
  3 ancient zymes (Abyss:2)
  A harpy zombie (Crypt:3)
  A black draconian skeleton (Crypt:1)
  38 jumping spiders
  A queen bee (Lair:8)
  A guardian mummy (Crypt:3)
  13 trolls
  A yellow draconian skeleton (Crypt:2)
  A two-headed ogre (shapeshifter) (Depths:2)
  A merfolk (shapeshifter) (Depths:2)
  33 merfolk
  A troll (shapeshifter) (Depths:2)
  45 two-headed ogres
  A giant leech (Lair:8)
  A hornet zombie (D:15)
  2 wind drakes
  7 boulder beetles
  A bog body (Crypt:2)
  A blink frog (shapeshifter) (Elf:2)
  22 slime creatures
  2 ushabtiu (Crypt:3)
  28 blink frogs
  9 snapping turtles
  95 redbacks
  A human simulacrum (Vaults:3)
  A satyr skeleton (Crypt:2)
  A griffon skeleton (Crypt:1)
  6 shadows
  2 ynoxinuls (Abyss:2)
  A yak (shapeshifter) (Depths:1)
  4 air elementals
  A tarantella (shapeshifter) (Vaults:4)
  An ettin skeleton (Vaults:3)
  107 yaks
  A spriggan (shapeshifter) (Depths:2)
  35 tarantellas
  2 fire elementals
  3 wyverns
  A steam dragon (D:13)
  19 humans (D:14)
  21 water elementals
  16 wraiths
  4 large abominations (Abyss:2)
  5 basilisks
  3 fire bats (Abyss:2)
  A hippogriff (shapeshifter) (Elf:1)
  A hog (shapeshifter) (Vaults:1)
  2 humans (shapeshifter)
  10 hippogriffs
  2 hungry ghosts
  A chaos spawn (Abyss:2)
  A mottled dragon (Vaults:2)
  7 wargs
  12 vampire mosquitoes
  Menkaure (D:4)
  A soldier ant (D:13)
  A soldier ant (shapeshifter) (Vaults:3)
  A spiny frog zombie (Crypt:3)
  15 porcupines
  13 water moccasins
  3 hell hounds
  A hornet simulacrum (Vaults:1)
  32 orc warriors
  2 eyes of draining
  10 ice beasts
  7 sky beasts
  A black bear (D:7)
  A black bear (shapeshifter) (Elf:3)
  4 phantoms
  A wasp (shapeshifter) (Depths:2)
  A manticore zombie (Crypt:2)
  20 boggarts
  14 necrophages
  87 ogres
  9 centaurs
  A human skeleton (Vaults:3)
  10 wolves
  12 crocodiles
  7 big kobolds
  An elf zombie (Crypt:3)
  A komodo dragon zombie (Crypt:2)
  42 giant frogs
  A human zombie (Vaults:4)
  An elf skeleton (Crypt:1)
  A cyclops zombie (Crypt:2)
  3 earth elementals
  6 small abominations (Abyss:2)
  A cyclops skeleton (Crypt:2)
  A warg zombie (Crypt:1)
  7 wyvern skeletons
  2 scorpions
  An orc simulacrum (Vaults:2)
  11 wights
  29 killer bees
  A spriggan skeleton (Crypt:2)
  3 howler monkeys
  8 electric eels
  2 vampire bats (D:13)
  9 crimson imps
  5 giant frog zombies
  4 jellies
  2 quasits
  19 orc priests
  5 hounds
  11 iguanas
  3 giant frog skeletons
  An iron imp (Abyss:2)
  2 gnoll shamans
  Terence (D:3)
  21 orc wizards
  Natasha (thrice) (D:4)
  13 worker ants
  59 sheep
  3 hound skeletons
  A hound zombie (Crypt:1)
  Robin (D:3)
  9 gnolls
  14 adders
  74 river rats
  3 shadow imps
  An ufetubus (Abyss:2)
  An ooze (D:3)
  3 adder zombies
  A halfling zombie (Crypt:1)
  6 dart slugs
  4 giant geckos
  100 orcs
  3 giant cockroaches
  14 goblins
  8 hobgoblins
  17 jackals
  5 quokkas
  18 bats
  A giant gecko skeleton (D:9)
  5 giant newts
  A jackal skeleton (D:9)
  33 kobolds
  A kobold skeleton (Crypt:1)
  6 rats
  4 lost souls (Crypt:3)
  A plant (Shoals:4)
  A withered plant (Crypt:3)
2452 creatures vanquished.

Vanquished Creatures (collateral kills)
  A vault warden (Vaults:4)
  A deep elf mage (Elf:1)
  3 jumping spiders (Spider:4)
5 creatures vanquished.

Vanquished Creatures (others)
  A sphinx (Vaults:3)
  A vault warden (Vaults:2)
  8 dancing weapons
  An ogre mage (Vaults:3)
  An unseen horror (D:14)
  A salamander (Vaults:3)
  An ancient zyme (Abyss:2)
  A jumping spider (Spider:2)
  A slime creature (Vaults:3)
  A redback (Spider:4)
  A giant eyeball (shapeshifter) (Depths:2)
  An orc warrior (Vaults:3)
  A sky beast (D:14)
  A boggart (Vaults:2)
  4 wolves (Lair:7)
  25 fungi
  5 lost souls
  A lurking horror (Abyss:2)
  73 plants
  202 spectral weapons
  11 starspawn tentacles (Abyss:2)
  198 starspawn tentacle segments (Abyss:2)
  4 tentacles (Shoals:1)
  14 withered plants (Crypt:3)
558 creatures vanquished.

Grand Total: 3015 creatures vanquished

Notes
Turn   | Place    | Note
--------------------------------------------------------------
     0 | D:1      | Alarkh the Mummy Skald began the quest for the Orb.
     0 | D:1      | Reached XP level 1. HP: 16/16 MP: 3/3
    80 | D:1      | Reached XP level 2. HP: 9/22 MP: 0/5
   391 | D:1      | Reached XP level 3. HP: 4/27 MP: 0/6
  1320 | D:2      | Reached XP level 4. HP: 26/33 MP: 0/7
  1894 | D:3      | Noticed Terence
  1942 | D:3      | Killed Terence
  2112 | D:3      | Noticed Robin
  2206 | D:2      | Learned a level 2 spell: Shroud of Golubria
  2210 | D:2      | Learned a level 3 spell: Spectral Weapon
  2568 | D:3      | Killed Robin
  2568 | D:3      | Reached XP level 5. HP: 14/38 MP: 1/8
  2759 | D:3      | Noticed a centaur
  2770 | D:3      | Killed a centaur
  2770 | D:3      | Reached skill level 5 in Polearms
  3273 | D:4      | Noticed Menkaure
  3280 | D:4      | Killed Menkaure
  3280 | D:4      | Reached XP level 6. HP: 44/44 MP: 2/9
  3680 | D:4      | Reached XP level 7. HP: 45/50 MP: 5/10
  4234 | D:4      | Noticed Natasha
  4257 | D:4      | Killed Natasha
  4541 | D:4      | Noticed Natasha
  4542 | D:4      | Killed Natasha
  4566 | D:4      | Noticed Natasha
  4572 | D:4      | Killed Natasha
  4592 | D:5      | Entered Level 5 of the Dungeon
  4717 | D:5      | Found a staircase to the Ecumenical Temple.
  4728 | Temple   | Entered the Ecumenical Temple
  4826 | Temple   | Became a worshipper of Gozag Ym Sagoz the Greedy
  5073 | D:5      | Reached XP level 8. HP: 56/56 MP: 12/12
  5129 | D:5      | Found a glowing silver altar of Zin.
  5604 | D:6      | Found a basalt altar of Yredelemnul.
  5756 | D:6      | Found a sparkling altar of Nemelex Xobeh.
  5756 | D:6      | Found a glowing golden altar of the Shining One.
  6183 | D:7      | Reached XP level 9. HP: 61/61 MP: 15/15
  6251 | D:7      | Found a blossoming altar of Fedhas.
  6499 | D:7      | Found a bloodstained altar of Trog.
  6500 | D:7      | Found an iron altar of Okawaru.
  6636 | D:8      | Found Usog's Jewellery Boutique.
  6644 | D:8      | Bought a cursed ring of teleportation for 67 gold pieces
  6672 | D:8      | Found Tubuim's Antique Armour Emporium.
  6680 | D:8      | Bought an ichor-stained troll leather armour for 460 gold pieces
  6680 | D:8      | Bought a pair of runed boots for 103 gold pieces
  6690 | D:8      | Identified the +2 troll leather armour of the Journeyman {rF+ MR- Regen+ Str+4} (You bought it in a shop on level 8 of the Dungeon)
  6705 | D:8      | Noticed Joseph
  6826 | D:8      | Killed Joseph
  6842 | D:8      | Noticed Maurice
  6866 | D:8      | Found Peaf Eppuaqo's Food Emporium.
  6875 | D:8      | Killed Maurice
  6875 | D:8      | Reached skill level 5 in Spellcasting
  6875 | D:8      | Reached skill level 5 in Charms
  6886 | D:8      | Found a radiant altar of Vehumet.
  6958 | D:8      | Found Plog's Armour Emporium.
  7260 | D:8      | Found a glowing golden altar of the Shining One.
  7448 | D:9      | Found a staircase to the Lair.
  7448 | D:9      | Noticed Psyche
  7459 | D:9      | Killed Psyche
  7459 | D:9      | Reached XP level 10. HP: 67/67 MP: 16/19
  7495 | D:9      | Reached skill level 10 in Polearms
  8010 | D:10     | Entered Level 10 of the Dungeon
  8601 | D:10     | Found Qyl Vuog's Assorted Antiques.
  8604 | D:10     | Bought a pair of glowing gloves for 157 gold pieces
  8718 | D:10     | You fall through a shaft for 3 floors!
  8926 | D:12     | Noticed a five-headed hydra
  8935 | D:12     | Killed a five-headed hydra
  8957 | D:12     | Noticed a brown ugly thing
  9138 | D:12     | Noticed an ogre mage
  9152 | D:12     | Killed an ogre mage
  9152 | D:12     | Reached XP level 11. HP: 72/72 MP: 12/20
  9358 | D:11     | Found a frozen archway.
  9371 | IceCv    | Entered an ice cave
  9616 | D:11     | Found Falaps's Food Boutique.
  9827 | D:11     | Found a staircase to the Orcish Mines.
  9870 | D:11     | Found Ucwuci's Book Emporium.
  9982 | D:11     | Found Qiosyu's Antique Weapon Emporium.
 10574 | Lair:1   | Entered Level 1 of the Lair of Beasts
 10965 | Lair:1   | Got a faintly humming plate armour
 11512 | Lair:2   | Reached XP level 12. HP: 69/78 MP: 21/21
 11812 | Lair:2   | Got a shimmering scale mail
 12294 | Lair:2   | Identified the +8 plate armour of Gozag's Scorn {+Blink Str+3 Int-3} (You found it on level 1 of the Lair of Beasts)
 12304 | Lair:2   | Identified the +7 scale mail "Hipluledd" {+Blink MR- Dex+2 Slay+4} (You found it on level 2 of the Lair of Beasts)
 12642 | Lair:3   | Reached skill level 15 in Polearms
 12723 | Lair:4   | Noticed a seven-headed hydra
 12740 | Lair:4   | Found a hole to the Spider Nest.
 13677 | Lair:4   | Noticed a catoblepas
 13782 | Lair:4   | Killed a catoblepas
 14072 | Lair:4   | Killed a seven-headed hydra
 14249 | Lair:5   | Noticed Rupert
 14344 | Lair:5   | Reached skill level 1 in Dodging
 14360 | Lair:5   | Reached skill level 1 in Armour
 14364 | Lair:5   | Gained mutation: You are in touch with the powers of death. [Mummy growth]
 14364 | Lair:5   | Gained mutation: You can restore your body by infusing magical energy. [Mummy growth]
 14364 | Lair:5   | Reached XP level 13. HP: 78/85 MP: 19/22
 15199 | Lair:5   | Killed Rupert
 15300 | Lair:5   | Found a staircase to the Shoals.
 15652 | Lair:6   | Reached skill level 5 in Fighting
 16458 | Lair:7   | Found a staircase to the Slime Pits.
 16556 | Lair:7   | Reached skill level 5 in Armour
 16560 | Lair:7   | Reached skill level 5 in Dodging
 17470 | Lair:8   | Entered Level 8 of the Lair of Beasts
 17545 | Lair:8   | Reached XP level 14. HP: 66/101 MP: 21/23
 19559 | Lair:8   | Got a pitted wooden ring
 19565 | Lair:8   | Identified the ring "Qiuxofi" {rN++ Str-3 Int+7 Dex+2} (You found it on level 8 of the Lair of Beasts)
 20610 | Orc:1    | Entered Level 1 of the Orcish Mines
 20741 | Orc:2    | Entered Level 2 of the Orcish Mines
 20741 | Orc:2    | Found a staircase to the Elven Halls.
 20995 | Orc:1    | Noticed an orc warlord
 21233 | Orc:2    | Reached XP level 15. HP: 114/114 MP: 21/24
 21315 | Orc:2    | Found Siupn's Antique Weapon Boutique.
 21343 | Orc:2    | Paralysed by an ogre mage for 2 turns
 21351 | Orc:2    | Found Giat's Antique Weapon Shoppe.
 21352 | Orc:2    | Found Eroib's General Store.
 21352 | Orc:2    | Found Luaqyl's Food Shoppe.
 22362 | Orc:1    | Noticed an orc warlord
 22374 | Orc:1    | Killed an orc warlord
 22430 | Orc:1    | Reached skill level 10 in Fighting
 22618 | Orc:1    | Found Tuh Wuf's Weapon Shop.
 22858 | Orc:2    | Killed an orc warlord
 22923 | Orc:1    | Paralysed by an orc sorcerer for 3 turns
 23001 | Lair:1   | Bought a twisted trident for 255 gold pieces
 23001 | Lair:1   | Identified the +3 trident of Exquisite Death {antimagic, Str+2 SInv} (You bought it in a shop on level 1 of the Lair of Beasts)
 23016 | Lair:1   | Bought a notched emerald ring for 120 gold pieces
 23016 | Lair:1   | Bought the +2 pair of boots of the Assassin {DetectMon Stab+ Stlth++} for 650 gold pieces
 23053 | Lair:1   | Learned a level 6 spell: Deflect Missiles
 23060 | Lair:1   | Learned a level 6 spell: Haste
 23931 | D:13     | Reached skill level 1 in Air Magic
 24025 | D:13     | Got a glittering bronze ring
 24026 | D:13     | Identified the ring "Zaikoska" {rElec rC- Dex+6 Slay+3 Stlth-} (You found it on level 13 of the Dungeon)
 24819 | D:14     | Found a gate to the Vaults.
 24884 | D:14     | Reached skill level 2 in Air Magic
 25285 | D:14     | Reached skill level 1 in Stealth
 25298 | D:14     | Got a crystal trident
 25299 | D:14     | Identified the cursed +1 trident "Unleomp" {freeze, Int+3} (You found it on level 14 of the Dungeon)
 25496 | D:15     | Entered Level 15 of the Dungeon
 25500 | D:15     | Found a white marble altar of Elyvilon.
 25998 | D:15     | Reached skill level 3 in Air Magic
 25999 | D:15     | Found a blossoming altar of Fedhas.
 26355 | D:15     | Cast into level 2 of the Abyss (a wizard)
 26511 | Abyss:2  | Noticed a tentacled starspawn
 26589 | Abyss:2  | Found a bloodstained altar of Trog.
 26613 | Abyss:2  | Noticed a tentacled starspawn
 26648 | Abyss:2  | Reached XP level 16. HP: 84/123 MP: 27/27
 26802 | Abyss:2  | Noticed a tentacled starspawn
 26818 | Abyss:2  | Found a corrupted altar of Lugonu.
 26934 | Abyss:2  | Paralysed by accursed screaming for 1 turns
 27014 | Abyss:2  | Noticed a hellephant
 27054 | Abyss:2  | Found a corrupted altar of Lugonu.
 27174 | Abyss:2  | Noticed a tentacled starspawn
 27239 | Abyss:2  | Noticed a tentacled starspawn
 27249 | Abyss:2  | Noticed a tentacled starspawn
 27260 | Abyss:2  | Killed a tentacled starspawn
 27284 | Abyss:2  | Killed a tentacled starspawn
 27703 | Abyss:2  | Noticed a tentacled starspawn
 27785 | D:15     | Escaped the Abyss
 27873 | D:15     | Found a staircase to the Depths.
 28217 | Lair:1   | Bought a distressingly furry fire dragon armour for 2275 gold pieces
 28227 | Lair:1   | Identified the +4 fire dragon armour "Utoos" {-Tele rF++ rC- Str+9 Int-5 Slay+5} (You bought it in a shop on level 1 of the Lair of Beasts)
 28276 | Lair:1   | Learned a level 9 spell: Tornado
 28384 | Spider:1 | Entered Level 1 of the Spider Nest
 29810 | Lair:4   | Reached skill level 4 in Air Magic
 30403 | Spider:2 | Reached skill level 10 in Dodging
 31133 | Spider:2 | Got a pair of brightly glowing gloves
 31144 | Spider:2 | Identified the +3 pair of gloves of Ololuinu {Int+3} (You found it on level 2 of the Spider Nest)
 31197 | Spider:2 | Reached skill level 10 in Armour
 31596 | Spider:3 | Noticed daning's ghost (adept HESk)
 31982 | Spider:3 | Reached XP level 17. HP: 112/131 MP: 29/29
 32124 | Spider:3 | Reached skill level 5 in Air Magic
 32334 | Lair:1   | Bought a scroll of summoning for 152 gold pieces
 32334 | Lair:1   | Bought a scroll of vulnerability for 120 gold pieces
 32334 | Lair:1   | Bought a scroll of blinking for 120 gold pieces
 32334 | Lair:1   | Bought a scroll of blinking for 120 gold pieces
 32479 | Shoals:1 | Entered Level 1 of the Shoals
 32612 | Spider:1 | Reached skill level 5 in Stealth
 33258 | Spider:3 | Killed daning's ghost
 33587 | Spider:4 | Entered Level 4 of the Spider Nest
 33749 | Spider:4 | Identified a scroll of acquirement
 33807 | Spider:4 | Reached skill level 6 in Air Magic
 34517 | Spider:4 | Noticed Arachne
 34682 | Spider:4 | Reached skill level 7 in Air Magic
 35161 | Spider:4 | Killed Arachne
 35161 | Spider:4 | Reached skill level 10 in Spellcasting
 35430 | Spider:4 | Noticed Asterion
 35542 | Spider:4 | Killed Asterion
 35785 | Spider:4 | Reached skill level 1 in Shields
 35786 | Spider:4 | Reached skill level 8 in Air Magic
 35867 | Spider:4 | Reached XP level 18. HP: 125/138 MP: 32/32
 35910 | Spider:4 | Got a gossamer rune of Zot
 36152 | Lair:1   | Got a distressingly furry cloak
 36163 | Lair:1   | Identified the +0 cloak of Lodej {MR+} (You acquired it on level 1 of the Lair of Beasts)
 36335 | Vaults:1 | Entered Level 1 of the Vaults
 36653 | Vaults:1 | Noticed Jorgrun
 36668 | Vaults:1 | Killed Jorgrun
 37278 | Vaults:1 | Got a smoking robe
 37279 | Vaults:1 | Identified the cursed +0 robe of Loibajus {Dex+2} (You found it on level 1 of the Vaults)
 37612 | Vaults:1 | Got a smoking glass ring
 37793 | Vaults:1 | Reached skill level 9 in Air Magic
 37816 | Vaults:1 | Reached skill level 10 in Charms
 37971 | Vaults:2 | Found a staircase to the Crypt.
 38017 | Vaults:2 | Noticed Mara
 38314 | Vaults:2 | HP: 4/138 [blizzard demon/bolt of cold[an ironheart preserver] (23)]
 38496 | Vaults:2 | Noticed a Hell Sentinel
 38505 | Vaults:1 | Reached skill level 5 in Shields
 39205 | Vaults:2 | Noticed Alarkh's illusion
 39213 | Vaults:2 | Killed Mara
 39213 | Vaults:2 | Reached XP level 19. HP: 75/143 MP: 27/34
 40296 | Vaults:3 | Reached skill level 10 in Air Magic
 41048 | Vaults:3 | HP: 3/143 [salamander stormcaller/trident (11)]
 41565 | Vaults:3 | Identified the ring of Yteel {rPois EV+3 Str+7 Int-3} (You found it on level 1 of the Vaults)
 42407 | Vaults:4 | Reached skill level 11 in Air Magic
 42435 | Vaults:4 | Noticed Sojobo
 42584 | Vaults:4 | Found Qygihic's Assorted Antiques.
 42670 | Vaults:3 | Reached XP level 20. HP: 106/150 MP: 35/35
 42958 | Vaults:4 | Bought a scroll of acquirement for 1820 gold pieces
 42961 | Vaults:4 | Got a pitted hat
 42972 | Vaults:4 | Identified the +1 hat of the Frog {rC+ Str+5} (You acquired it on level 4 of the Vaults)
 42972 | Vaults:4 | Bought a scroll of enchant weapon for 262 gold pieces
 43054 | Vaults:4 | Found Senax Wes's Weapon Shop.
 43675 | Vaults:4 | Killed Sojobo
 43933 | Vaults:4 | Found Vagh's Armour Shoppe.
 44120 | Vaults:4 | Reached skill level 10 in Stealth
 44692 | Lair:1   | Bought a pair of glowing gloves for 198 gold pieces
 45334 | Elf:1    | Entered Level 1 of the Elven Halls
 45354 | Elf:1    | Reached skill level 12 in Air Magic
 45707 | Elf:1    | Found a deep blue altar of Sif Muna.
 46388 | Elf:2    | Found a runed gate.
 46388 | Elf:2    | Found a runed gate.
 46388 | Elf:2    | Found a runed gate.
 46536 | Elf:2    | Found Valyn's Gadget Shoppe.
 46568 | Elf:2    | Found Mimih's Armour Emporium.
 46636 | Elf:2    | Found Porch's Antique Armour Shop.
 46640 | Elf:2    | Found Wicau's Jewellery Boutique.
 46744 | Elf:2    | Found Waethe's Book Boutique.
 46889 | Elf:3    | Entered Level 3 of the Elven Halls
 47100 | Elf:3    | Noticed PeterLawrence's ghost (adept MiFi)
 47650 | Elf:3    | Reached XP level 21. HP: 151/156 MP: 22/37
 48254 | Elf:3    | Found Diuvuz's Antique Weapon Emporium.
 48456 | Elf:3    | Got a smoking tin ring
 48666 | Elf:3    | Reached skill level 13 in Air Magic
 48902 | Elf:3    | Got a clouded silver ring
 48911 | Elf:3    | Identified the ring "Opovva" {Wiz rPois rF+ MR- Int+4} (You took it off a deep elf annihilator on level 3 of the Elven Halls)
 48912 | Elf:3    | Identified the ring "Ton Moxo" {Ice *Corrode +Blink rElec rN++} (You took it off a deep elf elementalist on level 3 of the Elven Halls)
 49960 | Elf:3    | Killed PeterLawrence's ghost
 50436 | Elf:3    | Got a wavering pewter ring
 50476 | Elf:3    | Identified the ring "Suycrabi" {SustAt MP+9} (You found it on level 3 of the Elven Halls)
 50627 | Elf:3    | Identified the Tome of Feathers and Evil
 50729 | Elf:3    | Got a bloodstained leather armour
 50730 | Elf:3    | Identified the +2 leather armour "Geighuph" {Str+3} (You took it off a deep elf mage on level 3 of the Elven Halls)
 50772 | Elf:2    | Bought a faintly glowing ring mail for 288 gold pieces
 50772 | Elf:2    | Identified the +2 ring mail of the Jackalope {rN+ MR+ MP+9} (You bought it in a shop on level 2 of the Elven Halls)
 50945 | Lair:1   | Bought a scroll of teleportation for 45 gold pieces
 51118 | Shoals:1 | Noticed Josephine
 51148 | Shoals:1 | Killed Josephine
 52039 | Shoals:2 | Reached skill level 14 in Air Magic
 52377 | Shoals:2 | Reached XP level 22. HP: 118/163 MP: 39/39
 52965 | Shoals:3 | Reached skill level 1 in Evocations
 53336 | Shoals:4 | Entered Level 4 of the Shoals
 53494 | Shoals:4 | Got a sparkling ivory amulet
 54018 | Shoals:4 | Got a barnacled rune of Zot
 54029 | Shoals:4 | Noticed Ilsuiw
 54074 | Shoals:4 | Killed Ilsuiw
 54077 | Shoals:4 | Identified the amulet "Ciqec" {rF+ MR+ Regen+} (You took it off a siren on level 4 of the Shoals)
 54206 | Shoals:4 | Noticed Polyphemus
 54354 | Shoals:4 | Noticed Louise
 54365 | Shoals:4 | HP: 1/163 [snapping turtle (8)]
 54777 | Shoals:4 | Killed Louise
 54845 | Shoals:4 | Killed Polyphemus
 54940 | Shoals:4 | Noticed Roxanne
 55604 | Lair:1   | Bought a scroll of enchant weapon for 315 gold pieces
 55604 | Lair:1   | Bought a runed shield for 189 gold pieces
 55637 | Lair:1   | Bought a scroll of enchant armour for 180 gold pieces
 55889 | Crypt:1  | Entered Level 1 of the Crypt
 56184 | Crypt:1  | Reached skill level 15 in Air Magic
 56427 | Crypt:2  | Noticed Jory
 56449 | Crypt:2  | Killed Jory
 56696 | Crypt:2  | Noticed Xtahua
 56706 | Crypt:2  | Killed Xtahua
 56774 | Crypt:2  | Noticed Frederick
 56781 | Crypt:2  | Noticed Saint Roka
 56782 | Crypt:2  | Killed Frederick
 56841 | Crypt:2  | Reached XP level 23. HP: 151/169 MP: 39/41
 57050 | Crypt:2  | Killed Saint Roka
 57431 | Crypt:3  | Entered Level 3 of the Crypt
 57470 | Crypt:3  | Reached skill level 5 in Evocations
 58124 | Crypt:3  | Found a staircase to the Tomb.
 58771 | Crypt:3  | Got a crude copper amulet
 58772 | Crypt:3  | Identified the amulet of Jeovesed {Dismiss rElec SInv Stlth+} (You found it on level 3 of the Crypt)
 58794 | Crypt:3  | Reached skill level 16 in Air Magic
 59002 | Crypt:3  | Found a basalt altar of Yredelemnul.
 59278 | Crypt:3  | Reached skill level 15 in Spellcasting
 59782 | Crypt:3  | Got a smoking garnet amulet
 59782 | Crypt:3  | Got a sparkling wooden ring
 59782 | Crypt:3  | Got an ancient amber ring
 59783 | Crypt:3  | Identified the amulet of Xiellaw {rPois Regen+ Str+2 Dex-4} (You found it on level 3 of the Crypt)
 59784 | Crypt:3  | Identified the ring "Heshrot" {rN+ Int+3 Slay+4} (You found it on level 3 of the Crypt)
 59785 | Crypt:3  | Identified the ring "Lailalon" {rN+ Str+6} (You found it on level 3 of the Crypt)
 60040 | Crypt:3  | Got a wavering jade ring
 60057 | Crypt:3  | Identified the ring "Veityum" {+Fly Int+3 SInv} (You found it on level 3 of the Crypt)
 60757 | Lair:1   | Bought the ring of Kuruot {+Fly rElec rF+ rN+ Slay+2} for 824 gold pieces
 60904 | Depths:1 | Entered Level 1 of the Depths
 61376 | Depths:1 | Found a gateway to Hell.
 61991 | Depths:2 | Reached skill level 17 in Air Magic
 61997 | Depths:2 | Reached XP level 24. HP: 175/175 MP: 42/42
 63049 | Depths:2 | Noticed a juggernaut
 63063 | Depths:2 | Killed a juggernaut
 63746 | Depths:2 | Reached skill level 18 in Air Magic
 64273 | Depths:2 | Found Baopsos's Antique Weapon Shoppe.
 64478 | Depths:2 | HP: 8/175 [deep elf high priest/long sword (14)]
 64524 | Depths:2 | Killed from afar by a spriggan air mage

Skill      XL: |  1  2  3  4  5  6  7  8  9 10 11 12 13 14 15 16 17 18 19 20 21 22 23 24 |
---------------+-------------------------------------------------------------------------+-----
Polearms       | 2 3 4 5 6 7 8 9 11 14 16 | 16.0
Charms         | 3 4 5 6 7 8 9 10 11 12 13 | 13.0
Spellcasting   | 3 4 6 7 8 10 11 12 13 14 15 16 | 16.2
Dodging        | 1 5 8 9 10 | 10.0
Armour         | 1 5 7 9 10 | 10.0
Fighting       | 6 9 10 11 | 11.0
Air Magic      | 3 4 8 9 11 12 14 15 17 18 | 18.2
Stealth        | 1 4 6 8 9 10 11 12 13 14 | 14.8
Shields        | 1 5 8 9 |  9.0
Evocations     | 4 5 |  5.0

Action                   |  1- 3 |  4- 6 |  7- 9 | 10-12 | 13-15 | 16-18 | 19-21 | 22-24 || total
-------------------------+-------+-------+-------+-------+-------+-------+-------+-------++-------
Melee: Spear             |   154 |   133 |       |       |       |       |       |       ||   287
       Trident           |       |    96 |   401 |   872 |  2191 |   969 |       |       ||  4529
       Demon trident     |       |       |       |       |       |  1156 |  2117 |  2230 ||  5503
Throw: Throwing net      |       |       |       |       |       |     4 |       |       ||     4
 Cast: Infusion          |    14 |    19 |    33 |    11 |    12 |    10 |     6 |       ||   105
       Shroud of Golubri |       |     4 |     2 |    21 |    47 |    47 |    37 |    19 ||   177
       Spectral Weapon   |       |       |    12 |    89 |   235 |   212 |   163 |   153 ||   864
       Haste             |       |       |       |       |       |     3 |    17 |    29 ||    49
       Deflect Missiles  |       |       |       |       |       |     2 |     9 |     9 ||    20
Invok: Call Merchant     |       |       |       |     2 |     4 |     1 |     2 |     2 ||    11
       Potion Petition   |       |       |       |     1 |       |     1 |     3 |       ||     5
 Abil: Evoke Flight      |       |       |       |       |       |       |     4 |    15 ||    19
Evoke: Wand              |       |       |       |       |     6 |     1 |       |     2 ||     9
       Sack of spiders   |       |       |       |       |       |     1 |     1 |       ||     2
       Lamp of fire      |       |       |       |       |       |     1 |       |       ||     1
       Deck              |       |       |       |       |       |       |     1 |       ||     1
  Use: Scroll            |       |     7 |     3 |     7 |    15 |    14 |    25 |    22 ||    93
 Stab: Sleeping          |       |       |     1 |    14 |    13 |    12 |    33 |    38 ||   111
       Distracted        |       |       |       |    10 |    40 |    52 |    51 |    55 ||   208
       Paralysed         |       |       |       |       |    22 |       |       |       ||    22
       Fleeing           |       |       |       |       |       |     1 |       |       ||     1
       Invisible         |       |       |       |       |       |     1 |       |       ||     1
Armor: Leather armour    |    36 |    55 |     4 |       |       |       |       |       ||    95
       Ring mail         |       |       |    84 |       |       |       |       |   225 ||   309
       Troll leather arm |       |       |    26 |   238 |   504 |   496 |   235 |    79 ||  1578
       Fire dragon armou |       |       |       |       |       |   112 |       |       ||   112
Dodge: Dodged            |   133 |   162 |   203 |   366 |  1092 |  1436 |   739 |   607 ||  4738
       Deflected         |       |       |       |       |       |    15 |    77 |    95 ||   187
Block: Buckler           |       |       |       |       |       |       |   242 |   427 ||   669
